 Dungeon Crawl Stone Soup version 0.32-a0-132-g2d33c3cfaf (webtiles) character file.

Game seed: 3280967151671659902

1552 porpoise the Sneak (level 8, -5/52 HPs)
             Began as a Demonspawn Enchanter on Feb 10, 2024.
             Was a Follower of Nemelex Xobeh.
             Slain by a gnoll sergeant
             ... wielding a +0 spear
              (8 damage)
             ... on level 5 of the Dungeon.
             The game lasted 00:23:07 (5945 turns).

porpoise the Sneak (Demonspawn Enchanter)           Turns: 5945, Time: 00:23:07

Health: -5/52      AC:  7    Str: 14    XL:     8   Next: 57%
Magic:  6/15       EV: 14    Int: 18    God:    Nemelex Xobeh [*.....]
Gold:   354        SH:  0    Dex: 14    Spells: 9/17 levels left

rFire   . . .        a - +1 dagger (venom)
rCold   . . .        (no shield)
rNeg    . . .        n - +0 robe
rPois   .            m - +0 helmet
rElec   .            y - +1 cloak
rCorr   .            (no gloves)
SInv    .            h - +1 pair of boots
Will    .....        (no amulet)
Stlth   +++          e - +6 ring of strength
HPRegen 0.28/turn    (no ring)
MPRegen 0.14/turn

%: no passive effects
@: no status effects
A: claws 2, repulsion field 1, spiny 1
a: Renounce Religion, Draw Escape, Draw Destruction, Draw Summoning


You were on level 5 of the Dungeon.
You worshipped Nemelex Xobeh.
Nemelex Xobeh was aware of your devotion.
You visited 2 branches of the dungeon, and saw 6 of its levels.
You also visited: Ossuary.

You collected 354 gold pieces.

Inventory:

Hand Weapons
 a - a +1 dagger of venom (weapon)
 b - a +0 sling
 x - a +2 dagger
Missiles
 o - 4 javelins (quivered)
 p - 2 curare-tipped darts
 r - 8 poisoned darts
 w - 5 silver javelins
Armour
 h - a +1 pair of boots (worn)
 m - a +0 helmet (worn)
 n - a +0 robe (worn)
 t - a +0 leather armour
 y - a +1 cloak (worn)
Jewellery
 e - a +6 ring of strength (left claw)
Scrolls
 d - 5 scrolls of vulnerability {unknown}
 f - a scroll of summoning {unknown}
 l - a scroll of noise {unknown}
 q - a scroll of fog {unknown}
 v - a scroll of fear {unknown}
 z - a scroll of amnesia {unknown}
 A - a scroll of immolation {unknown}
Potions
 c - 2 potions of invisibility
 g - a potion of attraction
 i - 2 potions of mutation
 j - a potion of might {unknown}
 k - 3 potions of enlightenment
 s - 2 potions of lignification
 u - 4 potions of curing


   Skills:
 + Level 4.4 Short Blades
 - Level 1.7 Dodging
 + Level 5.4 Stealth
 - Level 5.0 Spellcasting
 + Level 5.4 Hexes
 - Level 3.0 Ice Magic
 + Level 4.0 Invocations


You had 9 spell levels left.
You knew the following spells:

 Your Spells              Type           Power      Damage    Failure   Level
a - Confusing Touch       Hex            23%        N/A       4%          3
e - Ensorcelled Hibernat  Hex/Ice        38%        N/A       3%          2
t - Tukima's Dance        Hex            23%        N/A       4%          3

Your spell library contained the following spells:

 Spells                   Type           Power      Damage    Failure   Level
 Ozocubu's Armour         Ice            15%        N/A       12%         3
 Apportation              Tloc           8%         N/A       13%         1
 Magic Dart               Conj           16%        1d3       13%         1
 Necrotise                Necr           16%        1d4       13%         1
 Shock                    Conj/Air       16%        1d4       13%         1
 Sting                    Conj/Alch      16%        1d4       13%         1
 Summon Small Mammal      Summ           16%        N/A       13%         1
 Dazzling Flash           Conj/Hex       28%        N/A       13%         3
 Blink                    Tloc           8%         N/A       21%         2
 Call Imp                 Summ           8%         N/A       21%         2
 Fugue of the Fallen      Necr           4%         N/A       36%         3
 Swiftness                Air            4%         N/A       36%         3
 Airstrike                Air            2%         2d(1-17)  78%         4
 Manifold Assault         Tloc           4%         N/A       78%         4


Dungeon Overview and Level Annotations

Branches:
Dungeon (5/15)             Temple (1/1) D:4         Ossuary (visited)

Altars:
Ashenzari
Cheibriados
Dithmenos
Fedhas
Gozag
Kikubaaqudgha
Makhleb
Nemelex Xobeh
Okawaru
Qazlal
Ru
Sif Muna
Trog
Uskayaw
Wu Jian
Xom

Shops:
D:2 ?


Innate Abilities, Weirdness & Mutations

You have very sharp fingernails.
You are surrounded by a mild repulsion field. (EV +2)
You are partially covered in sharp spines.


Message History

You hit the gnoll sergeant but do no damage.
The gnoll sergeant is poisoned.
Your claw misses the gnoll sergeant.
The gnoll sergeant is moderately wounded.
The centaur closely misses you. The centaur misses you.
The gnoll barely misses you.
You barely miss the gnoll. The centaur hits you.
* * * LOW HITPOINT WARNING * * *
The centaur kicks you but does no damage.
The gnoll sergeant hits you with a +0 spear.
* * * LOW HITPOINT WARNING * * *
The gnoll is struck by your spines. The gnoll barely misses you.
You feel better. The centaur is struck by your spines.
The centaur hits you but does no damage.
The centaur kicks you but does no damage.
The gnoll hits you with a +0 spear.
* * * LOW HITPOINT WARNING * * *
The gnoll sergeant is struck by your spines.
The gnoll sergeant hits you with a +0 spear!
* * * LOW HITPOINT WARNING * * *
The gnoll barely misses you. The centaur is struck by your spines.
The centaur closely misses you.
The centaur kicks you but does no damage.
You feel better.
You kill the centaur!
The gnoll misses you.
The gnoll sergeant is struck by your spines.
The gnoll sergeant hits you with a +0 spear!
* * * LOW HITPOINT WARNING * * *
The gnoll is struck by your spines. The gnoll barely misses you.
Your Invocations skill increases to level 4!
You hit the gnoll. You claw the gnoll.
The gnoll is severely wounded.
The gnoll is struck by your spines.
You kill the gnoll!
The gnoll sergeant hits you with a +0 spear!
* * * LOW HITPOINT WARNING * * *
The gnoll misses you.
The gnoll sergeant hits you with a +0 spear!
You die...
Your body disappears without a glow.

#####...........##.#####..####...
.................#........####.#.
#####..#..........######.......##
#.............# #...######
##.#.##.......## #...# ####
#####.#.##........# #...# #..†
#.................####...# #.##
#.....#.###...................#
#........##...)@....(.........#
#.....#.###...)g.............##
#.....### #...$g..##.......##
##############.#### ..(#.
#...###.# ...# #######.......# g)
#..%......##### ###.#####..##
.......##..#


You could see a gnoll sergeant (poisoned) and a gnoll.

Vanquished Creatures
  A water moccasin (D:5)
  A centaur (D:5)
  A phantom (D:4)
  4 scorpions
  6 bullfrog zombies (Ossuary)
  An orc priest (D:4)
  A hound (D:4)
  2 jellies (D:5)
  9 mummies (Ossuary)
  Natasha (thrice) (D:4)
  An iguana (D:5)
  3 orc wizards
  2 killer bee zombies (Ossuary)
  2 crocodile zombies (Ossuary)
  3 hound zombies (Ossuary)
  6 howler monkey zombies (Ossuary)
  2 gnolls (D:5)
  4 adders
  2 dart slugs
  A ribbon worm (D:3)
  6 orcs
  5 bats
  5 endoplasms
  4 giant cockroaches
  5 goblins
  6 hobgoblins
  7 kobolds
  2 quokkas (D:2)
  7 ball pythons
  A ball python zombie (Ossuary)
  6 frilled lizards
  A goblin zombie (D:4)
  A quokka zombie (D:4)
  5 rats
116 creatures vanquished.

Vanquished Creatures (others)
  An orc wizard (D:4)
1 creature vanquished.

Grand Total: 117 creatures vanquished

Notes
Turn   | Place    | Note
-------+----------+-------------------------------------------
     0 | D:1      | porpoise the Demonspawn Enchanter began the quest for the
                  | Orb.
     0 | D:1      | Reached XP level 1. HP: 13/13 MP: 3/3
   177 | D:1      | Reached skill level 1 in Short Blades
   347 | D:1      | Gained mutation: You are partially covered in sharp spines.
                  | [demonic ancestry]
   347 | D:1      | Reached XP level 2. HP: 15/19 MP: 5/5
   460 | D:1      | Learned a level 2 spell: Ensorcelled Hibernation
  1225 | D:2      | Reached XP level 3. HP: 24/24 MP: 6/6
  1310 | D:2      | Found The Oracle's Delphic Readings.
  1392 | D:2      | Found a shimmering blue altar of Sif Muna.
  1850 | D:2      | Reached skill level 1 in Ice Magic
  2213 | D:3      | Gained mutation: You have sharp fingernails. [demonic
                  | ancestry]
  2213 | D:3      | Reached XP level 4. HP: 28/30 MP: 8/8
  2754 | D:3      | Found a faded altar of an unknown god.
  2917 | D:4      | Found a sand-covered staircase.
  2930 | Ossuary  | Entered an ossuary
  2951 | Ossuary  | HP: 1/30 [bog mummy (2)]
  2954 | Ossuary  | Gained mutation: You are surrounded by a mild repulsion
                  | field. (EV +2) [demonic ancestry]
  2954 | Ossuary  | Reached XP level 5. HP: 8/35 MP: 9/9
  3171 | Ossuary  | Gained mutation: You have very sharp fingernails. [demonic
                  | ancestry]
  3171 | Ossuary  | Reached XP level 6. HP: 41/41 MP: 11/11
  3345 | Ossuary  | Learned a level 3 spell: Confusing Touch
  3349 | Ossuary  | Learned a level 3 spell: Tukima's Dance
  3557 | Ossuary  | Reached XP level 7. HP: 20/46 MP: 13/13
  4652 | D:4      | Found a staircase to the Ecumenical Temple.
  4662 | Temple   | Entered the Ecumenical Temple
  4691 | Temple   | Became a worshipper of Nemelex Xobeh the Trickster
  4846 | D:4      | Reached skill level 5 in Spellcasting
  4846 | D:4      | Reached skill level 1 in Invocations
  4938 | D:4      | Noticed Natasha
  4945 | D:4      | Killed Natasha
  5058 | D:4      | Noticed Natasha
  5072 | D:4      | Killed Natasha
  5073 | D:4      | Reached XP level 8. HP: 40/52 MP: 13/15
  5222 | D:4      | Noticed Natasha
  5237 | D:4      | Killed Natasha
  5397 | D:4      | Reached * piety under Nemelex Xobeh
  5433 | D:5      | Entered Level 5 of the Dungeon
  5433 | D:5      | Found a shadowy altar of Dithmenos.
  5544 | D:5      | Reached skill level 5 in Stealth
  5590 | D:5      | Reached skill level 5 in Hexes
  5945 | D:5      | Slain by a gnoll sergeant

Illustrated notes

Levels and vault maps discovered:
D:1:      minmay_arrival_four_loops, layout_basic
D:2:      layout_basic, basic_altar, amcnicky_mini_corridor_feature,
          nicolae_nh_oracle_at_delphi
D:3:      layout_loops_ring, shapermc_ecumenical_altar_acropolis
D:4:      layout_basic, minmay_temple_entry_poolview, enter_ossuary_4,
          uniq_natasha
D:5:      layout_loops_cross, grunt_dithmenos_smoke, uniq_menkaure
Temple:   bh_familiar_temple

Skill      XL: |  1  2  3  4  5  6  7  8 |
---------------+-------------------------+-----
Short Blades   | 1 2 3 4 |  4.4
Stealth        | 3 4 5 |  5.4
Ice Magic      | 1 2 3 |  3.0
Spellcasting   | 3 4 5 |  5.0
Hexes          | 4 5 |  5.4
Invocations    | 1 4 |  4.0
Dodging        | |  1.7

Action                     |  1- 3 |  4- 6 |  7- 9 || total
---------------------------+-------+-------+-------++-------
  Melee: Dagger            |    89 |   158 |   159 ||   406
         Punch             |     1 |    12 |    11 ||    24
   Fire: Sling             |       |    36 |    11 ||    47
  Throw: Javelin           |       |     5 |     2 ||     7
   Cast: Ensorcelled Hiber |     5 |       |    25 ||    30
         Confusing Touch   |       |       |     2 ||     2
    Use: Scroll            |     2 |     6 |     3 ||    11
         Potion            |       |     1 |     2 ||     3
   Stab: Sleeping          |    17 |     2 |    15 ||    34
         Distracted        |     1 |     2 |       ||     3
         Confused          |       |       |     1 ||     1
 Armour: Robe              |    35 |    68 |    87 ||   190
  Dodge: Dodged            |    27 |    85 |    89 ||   201

Table legend: (Time is in decaauts)
 A = Elapsed time spent in this place.
 B = Non-inter-level travel time spent in this place.
 C = Inter-level travel time spent in this place.
 D = Time resting spent in this place.
 E = Time spent auto-exploring this place.
 F = Levels seen in this place.
 G = Mean time per level.
                   A        B        C        D        E       F      G
               +--------+--------+--------+--------+--------+-----+--------+
         Total |   5972 |   5764 |    208 |   1626 |   2912 |   7 |  853.1 |
       Dungeon |   4655 |   4503 |    152 |    921 |   2836 |   5 |  931.0 |
        Temple |     57 |      1 |     56 |      0 |      0 |   1 |   57.0 |
       Ossuary |   1258 |   1258 |      0 |    705 |     76 |   1 | 1258.0 |
               +--------+--------+--------+--------+--------+-----+--------+

Top non-repeatable levels by time:
     D:4: 1358 daAuts
 Ossuary: 1258 daAuts
     D:1: 1209 daAuts
     D:2: 801 daAuts
     D:3: 779 daAuts
     D:5: 507 daAuts
  Temple: 57 daAuts
